 Dungeon Crawl Stone Soup version 0.19.0-19-g8c6edcc (webtiles) character file.

2281 nikopol the Chopper (level 9, 0/56 HPs)
             Began as a Gargoyle Berserker on Nov 14, 2016.
             Was an Elder of Trog.
             Slain by an orc knight
             ... wielding a +0 broad axe
              (18 damage)
             ... in a bailey.
             The game lasted 00:16:42 (6649 turns).

nikopol the Chopper (Gargoyle Berserker)            Turns: 6649, Time: 00:16:43

Health: 0/56       AC: 15    Str: 27    XL:     9   Next: 39%
Magic:  9/9        EV: 13    Int:  9    God:    Trog [****..]
Gold:   400        SH:  0    Dex: 10    Spells: 0 memorised, 8 levels left

rFire  . . .     SeeInvis .     a - +1 war axe
rCold  . . .     Gourm    .     y - +1 ring mail {rPois}
rNeg   + . .     Faith    .     (no shield)
rPois  ∞         Spirit   .     j - +0 helmet
rElec  +         Reflect  .     w - +0 cloak
rCorr  .         Harm     +     (no gloves)
MR     .....                    (no boots)
Stlth  ..........               n - amulet of harm
                                (no ring)
                                h - +5 ring of strength

@: no status effects
A: negative energy resistance 1, electricity resistance, unbreathing,
petrification resistance, rot immunity, AC +5
a: Berserk, Trog's Hand, Brothers in Arms, Burn Spellbooks, Renounce Religion


You were in a bailey.
You worshipped Trog.
Trog was greatly pleased with you.
You were not hungry.

You visited 1 branch of the dungeon, and saw 7 of its levels.
You also visited: Sewer and Bailey.

You collected 400 gold pieces.

Inventory:

Hand Weapons
 a - a +1 war axe (weapon)
 z - a +0 shortbow
 A - a +0 hand axe
Missiles
 r - 68 arrows (quivered)
Armour
 b - a +0 animal skin
 j - a +0 helmet (worn)
 w - a +0 cloak (worn)
 y - a +1 ring mail of poison resistance (worn)
 Q - a cursed +0 ring mail
Rods
 M - a +0 rod of clouds (9/9)
   (You found it on level 5 of the Dungeon)
Jewellery
 h - a +5 ring of strength (left hand)
 n - an amulet of harm (around neck)
 I - a cursed ring of loudness {unknown}
 S - a +5 amulet of reflection {unknown}
Scrolls
 e - 3 scrolls of teleportation {unknown}
 g - a scroll of immolation
 p - a scroll of enchant weapon
 s - 2 scrolls of recharging
 u - 7 scrolls of identify
 B - 3 scrolls of enchant armour {unknown}
 J - a scroll of remove curse
 L - 2 scrolls of noise {unknown}
 P - a scroll of fog {unknown}
 R - a scroll of fear {unknown}
Potions
 d - a potion of cure mutation {unknown}
 f - 5 potions of flight
 i - a potion of experience {unknown}
 l - 2 potions of haste {unknown}
 m - 5 potions of heal wounds {unknown}
 o - 3 potions of brilliance {unknown}
 q - 2 potions of curing {unknown}
 t - 2 potions of degeneration {unknown}
 v - a potion of ambrosia {unknown}
 x - a potion of berserk rage {unknown}
 F - a potion of might {unknown}
 N - 3 potions of lignification {unknown}
 O - a potion of beneficial mutation {unknown}
Books
 G - a book of Minor Magic

   Spells                             Type                      Level
   a - Magic Dart                     Conjuration                  1
   b - Blink                          Translocation                2
   c - Call Imp                       Summoning                    2
   d - Repel Missiles                 Charms/Air                   2
   e - Slow                           Hexes                        2
   f - Conjure Flame                  Conjuration/Fire             3
   g - Mephitic Cloud                 Conjuration/Poison/Air       3
   Trog disapproves of the use of such an item.
Comestibles
 c - 3 bread rations
 k - a slice of pizza
 C - 3 meat rations
 E - 2 fruits
 H - a royal jelly
 K - 3 chunks of flesh


   Skills:
 + Level 6.6 Fighting
 * Level 7.3 Axes
 * Level 2.9 Bows
 + Level 6.1 Armour
 + Level 4.7 Dodging


You had 8 spell levels left.
You didn't know any spells.

Dungeon Overview and Level Annotations

Branches:
Dungeon (7/15)             Temple (0/1) D:6

Altars:
Kikubaaqudgha
Makhleb
Nemelex Xobeh
Ru


Innate Abilities, Weirdness & Mutations

You are resistant to torment.
Your stone body is resilient. (AC +5)
You are immune to poison.
You resist negative energy. (rN+)
You are resistant to electric shocks. (rElec)
You can survive without breathing.
You are immune to petrification.
You are immune to rotting.


Message History

The tomahawk of returning closely misses you.
You slash the orc knight!
The orc knight is moderately wounded.
You slash the orc!
You kill the orc!
Trog accepts your kill.
The kobold throws a tomahawk of returning.
The tomahawk of returning closely misses you.
The weapon returns to the kobold!
The orc knight hits you with a broad axe!
The kobold throws a tomahawk of returning.
The tomahawk of returning misses you.
The kobold throws a tomahawk of returning.
The tomahawk of returning barely misses you.
The weapon returns to the kobold!
Some of the chunks of flesh in your inventory have rotted away.
You slash the orc knight!
The orc knight is severely wounded.
The orc knight hits you with a broad axe!
You die...

##.....##
###.......##
.....8..8..##
..KK........#
............#
......8...# #..)o..#
#..@..##♣ #....##.♣
##'###..♣♣ #.≈≈≈...♣
#.≈≈≈...♣
≈....∩....≈#(≈≈≈K..∩
##.........##.≈≈≈...♣
#≈..8...8..≈#(≈≈≈K..♣
#≈...g.....≈#(###..♣♣


You could see an orc knight and 2 kobolds.

Vanquished Creatures
  The ghost of Philosophy the Fighter, a novice CeHu (D:5)
  Sigmund (D:6)
  Edmund (D:6)
  2 phantoms
  A centaur (D:5)
  4 ogres
  2 bullfrogs (D:6)
  A big kobold (Sewer)
  A howler monkey (D:4)
  A bullfrog zombie (D:6)
  3 crimson imps
  A hound (D:6)
  A centaur skeleton (D:6)
  2 jellies
  Ijyb (D:3)
  4 iguanas
  2 orc wizards
  3 worker ants (D:5)
  Robin (D:3)
  An adder (D:2)
  A howler monkey skeleton (D:5)
  3 shadow imps (D:5)
  2 oozes
  An adder zombie (D:5)
  2 worms (D:2)
  2 dart slugs (D:1)
  9 leopard geckos
  16 orcs
  5 giant cockroaches
  18 goblins
  7 hobgoblins
  11 jackals
  15 kobolds
  A quokka (D:5)
  3 ball pythons
  7 bats
  4 frilled lizards
  A jackal skeleton (D:5)
  A leopard gecko skeleton (D:5)
  A leopard gecko zombie (D:5)
  8 rats
152 creatures vanquished.

Notes
Turn   | Place    | Note
-------+----------+-------------------------------------------
     0 | D:1      | nikopol the Gargoyle Berserker began the quest for the Orb.
     0 | D:1      | Reached XP level 1. HP: 14/14 MP: 1/1
   247 | D:1      | Reached XP level 2. HP: 16/19 MP: 2/2
   856 | D:1      | Reached XP level 3. HP: 19/23 MP: 3/3
  1187 | D:2      | Reached ** piety under Trog
  1187 | D:2      | Reached skill level 3 in Axes
  1962 | D:2      | Reached XP level 4. HP: 25/29 MP: 4/4
  2001 | D:2      | Found a sparkling altar of Nemelex Xobeh.
  2269 | D:2      | Found an ancient bone altar of Kikubaaqudgha.
  2454 | D:3      | Noticed Robin
  2461 | D:3      | Killed Robin
  2544 | D:3      | Found a burning altar of Makhleb.
  2714 | D:3      | Noticed Ijyb
  2721 | D:3      | Killed Ijyb
  2721 | D:3      | Reached XP level 5. HP: 33/33 MP: 5/5
  2848 | D:4      | Reached *** piety under Trog
  3133 | D:4      | Noticed a phantom
  3168 | D:4      | Found a glowing drain.
  3199 | D:4      | Killed a phantom
  3199 | D:4      | Reached skill level 4 in Axes
  3199 | D:4      | Reached XP level 6. HP: 28/39 MP: 6/6
  3227 | Sewer    | Entered a sewer
  3379 | Sewer    | Found a white marble altar of Elyvilon.
  3515 | D:4      | Found a sacrificial altar of Ru.
  3583 | D:4      | Reached XP level 7. HP: 24/44 MP: 7/7
  4121 | D:5      | Entered Level 5 of the Dungeon
  4132 | D:5      | Noticed Philosophy's ghost (novice CeHu)
  4168 | D:5      | Killed Philosophy's ghost
  4168 | D:5      | Reached skill level 5 in Fighting
  4168 | D:5      | Reached skill level 5 in Axes
  4168 | D:5      | Reached skill level 5 in Armour
  4168 | D:5      | Reached XP level 8. HP: 42/50 MP: 8/8
  4540 | D:5      | Reached skill level 6 in Axes
  4873 | D:5      | Reached **** piety under Trog
  4955 | D:5      | Reached skill level 1 in Bows
  5429 | D:6      | Found a staircase to the Ecumenical Temple.
  5435 | D:6      | Reached XP level 9. HP: 52/56 MP: 9/9
  5975 | D:6      | Reached skill level 7 in Axes
  6050 | D:6      | Noticed Edmund
  6061 | D:6      | Killed Edmund
  6099 | D:6      | Noticed Sigmund
  6105 | D:6      | Killed Sigmund
  6395 | D:7      | Found a flagged portal.
  6414 | Bailey   | Entered a bailey
  6426 | Bailey   | Noticed an orc warlord
  6642 | Bailey   | Noticed an orc knight
  6649 | Bailey   | Slain by an orc knight

Skill      XL: |  1  2  3  4  5  6  7  8  9 |
---------------+----------------------------+-----
Dodging        | 2 3 4 |  4.7
Axes           | 3 4 5 6 7 |  7.3
Armour         | 3 4 5 6 |  6.1
Fighting       | 4 5 6 |  6.6
Bows           | 1 2 |  2.9

Action                   |  1- 3 |  4- 6 |  7- 9 || total
-------------------------+-------+-------+-------++-------
Melee: Hand axe          |   124 |    72 |       ||   196
       War axe           |       |    97 |   172 ||   269
 Fire: Shortbow          |       |       |    43 ||    43
Invok: Berserk           |     1 |     3 |     3 ||     7
  Use: Scroll            |       |     8 |     1 ||     9
 Stab: Sleeping          |     1 |       |       ||     1
  Eat: Chunk             |     4 |     8 |    11 ||    23
       Fruit             |       |       |     1 ||     1
       Beef jerky        |       |       |     1 ||     1
Armor: Animal skin       |    44 |    15 |       ||    59
       Ring mail         |       |    97 |   119 ||   216
Dodge: Dodged            |   110 |   128 |   141 ||   379
